 Dungeon Crawl Stone Soup version 0.29.1-15-g9cfb28693d (webtiles) character file.

Game seed: 2050453679501659295

15558 pokedragonboy the Destroyer (level 12, -9/60 HPs)
             Began as a Deep Elf Conjurer on Mar 10, 2023.
             Was a Priest of Sif Muna.
             Mangled by a five-headed hydra (13 damage)
             ... on level 3 of the Lair of Beasts.
             The game lasted 00:55:07 (14343 turns).

pokedragonboy the Destroyer (Deep Elf Conjurer)    Turns: 14343, Time: 00:55:08

Health: -9/60      AC:  7    Str:  4    XL:     12   Next: 2%
Magic:  28/31      EV: 12    Int: 29    God:    Sif Muna [***...]
Gold:   892        SH:  0    Dex: 13    Spells: 22/37 levels left

rFire   + . .      SeeInvis .   s - +2 short sword (venom)
rCold   . . .      Faith    +   (no shield)
rNeg    + . .      Spirit   .   a - +0 robe
rPois   .          Reflect  .   i - +2 helmet
rElec   .          Harm     .   (no cloak)
rCorr   .          Rampage  .   L - +0 pair of gloves
Will    +....                   D - +0 pair of boots
Stlth   +.........              A - amulet of faith
HPRegen 0.20/turn               B - ring of positive energy
MPRegen 0.22/turn               Q - ring of protection from fire

@: about to teleport, very slow
A: no striking features
a: Renounce Religion, Channel Magic, Forget Spell


You were on level 3 of the Lair of Beasts.
You worshipped Sif Muna.
Sif Muna was most pleased with you.
You visited 3 branches of the dungeon, and saw 15 of its levels.
You also visited: Sewer, Ossuary and Ice Cave.

You collected 892 gold pieces.

Inventory:

Hand Weapons
 s - a +2 short sword of venom (weapon)
 O - a +0 scimitar of flaming
Armour
 a - a +0 robe (worn)
 i - a +2 helmet (worn)
 o - an orb of mayhem
 D - a +0 pair of boots (worn)
 E - an orb of guile
 L - a +0 pair of gloves (worn)
Jewellery
 A - an amulet of faith (around neck)
 B - a ring of positive energy (left hand)
 Q - a ring of protection from fire (right hand)
 T - an amulet of magic regeneration
Wands
 n - a wand of roots (13)
 u - a wand of paralysis (21)
 G - a wand of quicksilver (5)
 R - a wand of mindburst (7)
 S - a wand of flame (24)
 Y - a wand of digging (5)
Scrolls
 e - 7 scrolls of fear
 f - a scroll of amnesia
 m - a scroll of immolation
 r - a scroll of magic mapping
 t - 3 scrolls of poison
 y - a scroll of silence
 F - 4 scrolls of teleportation
 I - 5 scrolls of noise
 K - 2 scrolls of fog
 U - a scroll of summoning
 V - 3 scrolls of identify
Potions
 b - 2 potions of magic
 g - 7 potions of curing
 h - 3 potions of berserk rage
 l - 2 potions of attraction
 p - a potion of flight
 q - a potion of heal wounds
 x - 2 potions of might
 z - 3 potions of brilliance
 J - 2 potions of mutation
 M - a potion of cancellation
 N - 3 potions of invisibility
 Z - a potion of lignification
Miscellaneous
 k - a piece from Xom's chessboard (15/15)
 P - a phial of floods
 W - a piece from Xom's chessboard (15/15)


   Skills:
 - Level 1.0 Fighting
 - Level 3.0 Dodging
 - Level 2.4 Stealth
 + Level 13.3 Spellcasting
 + Level 14.3 Conjurations
 + Level 9.6 Hexes
 - Level 2.0 Translocations
 + Level 8.6 Invocations
 - Level 2.0 Evocations


You had 22 spell levels left.
You knew the following spells:

 Your Spells              Type           Power      Damage    Failure   Level
a - Magic Dart            Conj           100%       1d8       0%          1
b - Searing Ray           Conj           100%       2d8       0%          2
c - Fulminant Prism       Conj/Hex       36%        3d18      1%          4
d - Iskenderun's Mystic   Conj/Tloc      61%        2d13      1%          4
e - Necrotise             Necr           76%        1d7       2%          1
s - Stone Arrow           Conj/Erth      100%       3d13      1%          3

Your spell library contained the following spells:

 Spells                   Type           Power      Damage    Failure   Level
 Apportation              Tloc           60%        N/A       1%          1
 Ensorcelled Hibernation  Hex/Ice        94%        N/A       1%          2
 Dazzling Flash           Conj/Hex       100%       N/A       1%          3
 Summon Small Mammal      Summ           76%        N/A       2%          1
 Anguish                  Hex/Necr       23%        N/A       3%          4
 Poisonous Vapours        Pois/Air       38%        N/A       4%          2
 Spider Form              Tmut/Pois      19%        N/A       8%          3
 Animate Armour           Summ/Erth      38%        N/A       26%         4
 Corpse Rot               Necr/Pois/Air  19%        N/A       26%         4
 Lehudib's Crystal Spear  Conj/Erth      28%        10d8      100%        8


Dungeon Overview and Level Annotations

Branches:
Dungeon (11/15)            Temple (1/1) D:6            Lair (3/5) D:10
 Shoals (0/4) Lair:3        Snake (0/4) Lair:2        Sewer (visited)
Ossuary (visited)           IceCv (visited)
    Orc: D:9-12

Altars:
Ashenzari
Cheibriados
Dithmenos
Elyvilon
Fedhas
Gozag
Hepliaklqana
Kikubaaqudgha
Makhleb
Nemelex Xobeh
Okawaru
Qazlal
Ru
Sif Muna
Trog
Uskayaw
Vehumet
Wu Jian
Xom
Yredelemnul
Zin
The Shining One

Annotations:
Lair:1 Stash
Lair:3 3 runed translucent doors, Wufiun's ghost, journeyman GnDe


Message History

Sif Muna accepts your kill.
You have reached level 12!
You feel clever.
You start resting.
Magic restored.
You start resting.
HP restored.
There is an open door, spattered with blood here.
You enter the shallow water.
Moving in this stuff is going to be slow.
You open the door.
A five-headed hydra comes into view.
The five-headed hydra roars!
Found a staircase to the Shoals.
Casting: Iskenderun's Mystic Blast (dangerous; 1% risk of failure)
Confirm with . or Enter, or press ? or * to list all spells.
Aiming: Fulminant Prism (safe; 1% risk of failure)
Press: ? - help, Dir - move target You conjure a prism of explosive energy!
A fulminant prism comes into view.
Your fulminant prism crackles loudly.
The five-headed hydra attacks as you move away!
The five-headed hydra bites you! The five-headed hydra bites you.
The five-headed hydra barely misses you.
The five-headed hydra bites you but does no damage.
The five-headed hydra bites you.
You hear an explosion!
The five-headed hydra bites you.
The five-headed hydra barely misses you.
The five-headed hydra bites you but does no damage.
The five-headed hydra closely misses you.
The five-headed hydra bites you!
As you read the scroll of teleportation, it crumbles to dust.
You feel strangely unstable. The five-headed hydra bites you!
* * * LOW HITPOINT WARNING * * *
The five-headed hydra bites you!
* * * LOW HITPOINT WARNING * * *
The five-headed hydra barely misses you.
The five-headed hydra bites you!
You die...

#.........# #P#.....>.#
###.......# #.......##
#........# #.......##
#######......#
####~~≈~~###'...#
#~~@#~≈~#~~~#[..##
.#~~D#~~~#~~~#....# #####
.#~~~#####~~~#....#
####.#.###.####'~~~#####...##
###.......#....#
~*>~~~#.....# .............#
#~~~+####...## .....###.....#
#### #....# .##### ##....#
#....# ##.Z... #....# #...##


You could see a five-headed hydra.

Vanquished Creatures
  A hydra (Lair:2)
  A two-headed ogre (D:10)
  An oklob plant (D:10)
  An unseen horror (D:10)
  4 cane toads
  3 komodo dragons
  2 ice devils (Lair:1)
  3 polar bears
  A shadow (D:10)
  30 yaks
  4 wyverns
  A wraith (D:10)
  Grum (Lair:1)
  4 nagas (Lair:2)
  An acid dragon (D:10)
  5 water moccasins
  An ice beast (D:6)
  An orc warrior (D:9)
  2 black bears
  A sky beast (D:7)
  5 wolves
  3 ogres
  2 phantoms (D:4)
  3 kobold brigands
  7 bullfrogs
  3 necrophages
  2 scorpions
  6 wights (D:8)
  4 water moccasin zombies (Ossuary)
  8 killer bees
  2 electric eels
  A howler monkey (D:7)
  A bullfrog zombie (D:5)
  4 hounds
  3 jellies
  An orc priest (D:4)
  A gnoll bouda (D:8)
  3 iguanas
  4 orc wizards
  2 hound skeletons (D:5)
  2 mummies (Ossuary)
  3 gnolls (D:8)
  13 adders
  3 river rats (D:5)
  A shadow imp (D:7)
  An ufetubus (D:5)
  10 adder zombies (Ossuary)
  2 worms
  18 orcs
  11 ball pythons
  4 bats
  3 endoplasms
  9 giant cockroaches
  6 gnoll zombies (Ossuary)
  2 goblins
  6 hobgoblins
  13 kobolds
  6 quokkas
  10 frilled lizards
  4 hobgoblin zombies (Ossuary)
  2 kobold zombies (Ossuary)
  4 orc zombies (Ossuary)
  8 rats
274 creatures vanquished.

Vanquished Creatures (collateral kills)
  A rime drake (Lair:2)
1 creature vanquished.

Vanquished Creatures (others)
  45 fulminant prisms
  8 fungi
  10 plants
  A withered plant (D:5)
64 creatures vanquished.

Grand Total: 339 creatures vanquished

Notes
Turn   | Place    | Note
-------+----------+-------------------------------------------
     0 | D:1      | pokedragonboy the Deep Elf Conjurer began the quest for the
                  | Orb.
     0 | D:1      | Reached XP level 1. HP: 10/10 MP: 6/6
   160 | D:1      | Found a faded altar of an unknown god.
   192 | D:1      | Reached XP level 2. HP: 15/15 MP: 6/8
   280 | D:1      | Reached skill level 1 in Hexes
   283 | D:1      | Learned a level 2 spell: Searing Ray
   764 | D:2      | Reached XP level 3. HP: 19/19 MP: 5/9
   768 | D:2      | Learned a level 3 spell: Dazzling Flash
   831 | D:2      | Found an ornate altar of the Wu Jian Council.
   982 | D:2      | Identified the +4 scale mail of Asep {rC+}
  1293 | D:3      | Noticed a +0 dagger
  1308 | D:3      | Noticed a +0 dagger
  1394 | D:3      | Found a hide-covered altar of Uskayaw.
  1454 | D:3      | Reached skill level 5 in Conjurations
  1695 | D:3      | Reached XP level 4. HP: 24/24 MP: 8/11
  1700 | D:3      | Learned a level 4 spell: Fulminant Prism
  1847 | D:3      | Found a glowing silver altar of Zin.
  2008 | D:4      | Found a shimmering altar of Xom.
  2192 | D:4      | Found a burning altar of Makhleb.
  2469 | D:4      | Reached XP level 5. HP: 28/28 MP: 5/13
  2554 | D:4      | Noticed a phantom
  2563 | D:4      | Killed a phantom
  2564 | D:4      | Reached skill level 1 in Fighting
  2564 | D:4      | Reached skill level 6 in Conjurations
  2881 | D:5      | Entered Level 5 of the Dungeon
  2881 | D:5      | Found a basalt altar of Yredelemnul.
  2890 | D:5      | Noticed an ogre
  2947 | D:5      | Reached skill level 5 in Spellcasting
  2947 | D:5      | Reached XP level 6. HP: 34/34 MP: 10/15
  3080 | D:4      | Reached skill level 7 in Conjurations
  3080 | D:4      | Reached XP level 7. HP: 6/38 MP: 1/17
  3196 | D:5      | Found an opulent altar of Gozag.
  3330 | D:5      | Found a glowing drain.
  3339 | Sewer    | Entered a sewer
  3652 | Sewer    | Reached skill level 5 in Hexes
  3802 | Sewer    | Reached skill level 8 in Conjurations
  4124 | D:5      | Learned a level 4 spell: Iskenderun's Mystic Blast
  4723 | D:6      | Reached XP level 8. HP: 43/43 MP: 12/20
  4898 | D:6      | Found a staircase to the Ecumenical Temple.
  4903 | Temple   | Entered the Ecumenical Temple
  5041 | Temple   | Became a worshipper of Sif Muna the Loreminder
  5103 | D:6      | Learned a level 3 spell: Stone Arrow
  5361 | D:6      | Reached skill level 1 in Invocations
  5388 | D:6      | Found a bloodstained altar of Trog.
  5545 | D:7      | Reached skill level 9 in Conjurations
  5883 | D:7      | Reached XP level 9. HP: 47/47 MP: 15/23
  6385 | D:7      | Found a snail-covered altar of Cheibriados.
  6523 | D:8      | Reached skill level 1 in Translocations
  6561 | D:8      | Reached * piety under Sif Muna
  6634 | D:8      | Found a glowing golden altar of the Shining One.
  6748 | D:8      | Reached skill level 10 in Conjurations
  6988 | D:8      | Found a sand-covered staircase.
  6994 | D:8      | Reached skill level 10 in Spellcasting
  7004 | Ossuary  | Entered an ossuary
  7170 | Ossuary  | Reached ** piety under Sif Muna
  8041 | D:9      | Found an ornate altar of the Wu Jian Council.
  8129 | D:9      | Identified a scroll of acquirement
  8145 | D:9      | Reached skill level 11 in Conjurations
  8145 | D:9      | Reached XP level 10. HP: 52/52 MP: 9/26
  8535 | D:9      | Reached skill level 5 in Invocations
  8626 | D:9      | Found a hazy altar of Hepliaklqana.
  8776 | D:9      | Found a white marble altar of Elyvilon.
  8896 | D:10     | Entered Level 10 of the Dungeon
  8943 | D:10     | Reached skill level 1 in Evocations
  9091 | D:10     | Acquired an amulet of faith
  9104 | D:10     | Found a radiant altar of Vehumet.
  9452 | D:10     | Noticed an oklob plant
  9463 | D:10     | Found a staircase to the Lair.
  9557 | D:10     | Killed an oklob plant
  9724 | D:10     | Reached skill level 12 in Conjurations
  9730 | D:10     | Reached *** piety under Sif Muna
  9749 | D:10     | Noticed a two-headed ogre
  9757 | D:10     | Killed a two-headed ogre
  9758 | D:10     | Reached XP level 11. HP: 56/56 MP: 7/28
 10429 | Lair:1   | Entered Level 1 of the Lair of Beasts
 10455 | Lair:1   | Noticed Grum
 10460 | Lair:1   | Killed Grum
 10483 | Lair:1   | Reached skill level 13 in Conjurations
 10711 | Lair:1   | Found a frozen archway.
 10720 | IceCv    | Entered an ice cave
 10732 | IceCv    | Learned a level 1 spell: Necrotise
 12502 | Lair:2   | Identified the +0 robe of Quantum Leap {Str+7 Dex-5 SInv}
 12659 | Lair:2   | Found a staircase to the Snake Pit.
 12744 | Lair:2   | Noticed a five-headed hydra
 12750 | Lair:2   | Killed a five-headed hydra
 12751 | Lair:2   | Reached skill level 14 in Conjurations
 13606 | Lair:3   | Reached **** piety under Sif Muna
 13766 | Lair:3   | Noticed Wufiun's ghost (journeyman GnDe)
 13858 | Lair:3   | Found a runed translucent gate.
 13858 | Lair:3   | Found a runed translucent gate.
 13858 | Lair:3   | Found a runed translucent gate.
 14127 | Lair:3   | Reached XP level 12. HP: 20/60 MP: 20/31
 14339 | Lair:3   | Found a staircase to the Shoals.
 14339 | Lair:3   | Noticed a five-headed hydra
 14343 | Lair:3   | Mangled by a five-headed hydra

Illustrated notes

Levels and vault maps discovered:
D:1:      grunt_arrival_crossed_arrows, layout_rooms,
          hellmonk_ecumenical_altar_heavens_door
D:2:      layout_basic, basic_altar
D:3:      layout_rooms, zin_scriptorium, dancing_weapons_uskayaw
D:4:      minmay_recursive_quarters, layout_basic, marbit_many_paths,
          lightli_temple_of_fire
D:5:      layout_rooms, nicolae_gozag_seed_capital, yredelemnul_altar_generic,
          serial_undead, serial_undead_e, serial_undead_b, serial_undead_f,
          serial_undead_f, lightli_sewer_entry_pipes
D:6:      layout_basic, trog_antimagical, minmay_temple_entry_nine_rooms,
          minmay_misc_feat_room, item_on_display_a
D:7:      layout_cave_pools, mainiacjoe_overflow_alcove_4
D:8:      layout_loops_ring, mainiacjoe_overflow_boulevard, enter_ossuary_1
D:9:      layout_basic, nicolae_hepliaklqana_hippocampus,
          mainiacjoe_overflow_swirl
D:10:     statuecave_lemuel, layout_cave_pools,
          mainiacjoe_overflow_cross_hatched, dpeg_oklobed_lair
D:11:     layout_small_grid, erik_orc_1, minivault_16
Temple:   nicolae_temple_figure_zero
Lair:1:   layout_regular_city, portal_ice_cave_demonic_guard, lemuel_fruit_tree,
          infiniplex_staircase_pool, grunt_megastairs_4, uniq_grum
Lair:2:   layout_hall_layers, minmay_snake_entry_guardpost_medium,
          chequers_serial_rivers_room_b, grunt_megastairs_3
Lair:3:   layout_big_grid, elwin_shoals_entry_rooms, gammafunk_ghost_icy,
          serial_bayou_shore_a

Skill      XL: |  1  2  3  4  5  6  7  8  9 10 11 |
---------------+----------------------------------+-----
Hexes          | 1 2 3 4 5 7 9 |  9.6
Dodging        | 3 |  3.0
Conjurations   | 5 6 7 8 9 11 12 14 | 14.3
Spellcasting   | 4 5 6 8 10 11 13 | 13.3
Fighting       | 1 |  1.0
Invocations    | 2 4 6 8 |  8.6
Translocations | 2 |  2.0
Evocations     | 2 |  2.0
Stealth        | |  2.4

Action                   |  1- 3 |  4- 6 |  7- 9 | 10-12 || total
-------------------------+-------+-------+-------+-------++-------
Melee: Short sword       |       |       |    15 |     8 ||    23
       Punch             |       |       |     1 |       ||     1
 Cast: Magic Dart        |    55 |    27 |   110 |    26 ||   218
       Searing Ray       |     3 |    16 |    39 |     5 ||    63
       Fulminant Prism   |       |     2 |    14 |    29 ||    45
       Stone Arrow       |       |       |    23 |    72 ||    95
       Iskenderun's Myst |       |       |     5 |    17 ||    22
       Necrotise         |       |       |       |    23 ||    23
Invok: Channel Magic     |       |       |       |     2 ||     2
  Use: Scroll            |       |     6 |    12 |    11 ||    29
       Potion            |       |     5 |       |       ||     5
Armor: Robe              |       |     4 |    15 |    15 ||    34
Dodge: Dodged            |     5 |    25 |    63 |    27 ||   120
